 Dungeon Crawl Stone Soup version 0.31-a0-949-g57150269e1 (webtiles) character file.

Game seed: 13769755095806776074

37 Shayle the Trooper (level 3, -1/37 HPs)
             Began as an Ogre Hexslinger on Oct 22, 2023.
             Succumbed to an adder's poison
             ... on level 2 of the Dungeon.
             The game lasted 00:03:03 (888 turns).

Shayle the Trooper (Ogre Hexslinger)                 Turns: 888, Time: 00:03:03

Health: -1/37      AC:  3    Str: 12    XL:     3   Next: 39%
Magic:  4/4        EV: 10    Int: 16    God:
Gold:   134        SH:  0    Dex: 11    Spells: 4/4 levels left

rFire   . . .        a - +1 sling
rCold   . . .        (no shield)
rNeg    . . .        c - +0 robe
rPois   .            (helmet restricted)
rElec   .            (no cloak)
rCorr   .            (gloves unavailable)
SInv    .            (boots unavailable)
Will    .....        (no amulet)
Stlth   +            (no ring)
HPRegen 0.26/turn    (no ring)
MPRegen 0.09/turn

%: no passive effects
@: lethally poisoned (-1 -> -6)
A: large, unfitting armour, tough skin 1
a: no special abilities


You were on level 2 of the Dungeon.
You visited 1 branch of the dungeon, and saw 2 of its levels.

You collected 134 gold pieces.

Inventory:

Hand Weapons
 a - a +1 sling (weapon)
Armour
 c - a +0 robe (worn)
Scrolls
 b - a scroll of poison
 e - a scroll of brand weapon {unknown}
 f - 3 scrolls of identify {unknown}
 g - a scroll of teleportation {unknown}
 h - a scroll of enchant armour {unknown}


   Skills:
 + Level 3.1 Fighting
 - Level 1.3 Ranged Weapons
 + Level 2.6 Dodging
 - Level 1.2 Spellcasting
 - Level 2.6 Hexes
 - Level 0.8 Fire Magic


You had 4 spell levels left.
You didn't know any spells.
Your spell library contained the following spells:

 Spells                   Type           Power      Damage    Failure   Level
 Jinxbite                 Hex            18%        N/A       12%         2
 Sigil of Binding         Hex            9%         N/A       22%         3
 Inner Flame              Hex/Fire       6%         N/A       32%         3
 Cause Fear               Hex            4%         N/A       58%         4
 Dimensional Bullseye     Hex/Tloc       2%         N/A       78%         4


Dungeon Overview and Level Annotations

Branches:
Dungeon (2/15)

Altars:


Innate Abilities, Weirdness & Mutations

You are too large for most types of armour.
You have tough skin. (AC +1)


Message History

The adder closely misses you.
You shoot a sling bullet. The sling bullet hits the adder!
The adder is almost dead.
You feel sick. The adder bites you.
* * * LOW HITPOINT WARNING * * *
The adder barely misses you.
You shoot a sling bullet. The sling bullet misses the adder.
You feel sick. The adder closely misses you.
The adder bites you but does no damage.
You shoot a sling bullet.
The sling bullet closely misses the adder.
You feel sick. The adder bites you but does no damage.
The adder closely misses you.
You shoot a sling bullet.
The sling bullet closely misses the adder.
You feel sick.
You are no longer poisoned.
The adder bites you.
* * * LOW HITPOINT WARNING * * *
You shoot a sling bullet.
The sling bullet hits the adder but does no damage.
The adder is almost dead.
The adder bites you but does no damage. The adder bites you.
* * * LOW HITPOINT WARNING * * *
You shoot a sling bullet.
The sling bullet closely misses the adder.
The adder completely misses you. The adder bites you but does no damage.
You shoot a sling bullet. The sling bullet hits the adder.
The adder is almost dead.
The adder closely misses you. The adder completely misses you.
You shoot a sling bullet.
The sling bullet completely misses the adder.
The adder closely misses you. x2
You shoot a sling bullet.
The sling bullet closely misses the adder.
The adder bites you.
* * * LOW HITPOINT WARNING * * *
You are lethally poisoned!
The adder poisons you!
You shoot a sling bullet. The sling bullet misses the adder.
You die...

#...............
#.............#
#.............#
#.............#
+........†....#
..####..........#######
........####.#.........
########.####.#.########
........)S@....>........
##.....#.####.#.#######.
#.....#...##.#.#
#.....#...##.#.#
.......+...##.#.#
##.....#...##.#.#######
#.....#...##.#.......#
#.....#.........####.#
#.........#


You could see an adder.

Vanquished Creatures
  An adder (D:2)
  2 dart slugs (D:1)
  4 ball pythons (D:1)
  An endoplasm (D:1)
  A giant cockroach (D:1)
  5 goblins
  A hobgoblin (D:2)
  3 quokkas (D:1)
  3 bats
  A rat (D:1)
22 creatures vanquished.

Notes
Turn   | Place    | Note
-------+----------+-------------------------------------------
     0 | D:1      | Shayle the Ogre Hexslinger began the quest for the Orb.
     0 | D:1      | Reached XP level 1. HP: 19/19 MP: 2/2
    59 | D:1      | Reached skill level 2 in Fighting
    65 | D:1      | Reached XP level 2. HP: 19/28 MP: 3/3
   470 | D:1      | Reached XP level 3. HP: 36/36 MP: 4/4
   795 | D:2      | Reached skill level 3 in Fighting
   887 | D:2      | HP: 1/37 [adder (3)]
   888 | D:2      | Succumbed to an adder's poison

Illustrated notes

Levels and vault maps discovered:
D:1:      dpeg_arrival_rhombus, layout_basic, serial_bayou_pond_d
D:2:      layout_basic, basic_altar

Skill      XL: |  1  2  3 |
---------------+----------+-----
Fighting       | 2 3 |  3.1
Dodging        | 2 |  2.6
Ranged Weapons | |  1.3
Spellcasting   | |  1.2
Hexes          | |  2.6
Fire Magic     | |  0.8

Action                     || total
---------------------------++-------
   Fire: Sling             ||   104
    Use: Potion            ||     2
 Armour: Robe              ||    56
  Dodge: Dodged            ||    42

Table legend: (Time is in decaauts)
 A = Elapsed time spent in this place.
 B = Non-inter-level travel time spent in this place.
 C = Inter-level travel time spent in this place.
 D = Time resting spent in this place.
 E = Time spent auto-exploring this place.
 F = Levels seen in this place.
 G = Mean time per level.
                   A        B        C        D        E       F      G
               +--------+--------+--------+--------+--------+-----+--------+
         Total |    921 |    912 |      9 |     61 |    610 |   2 |  460.5 |
       Dungeon |    921 |    912 |      9 |     61 |    610 |   2 |  460.5 |
               +--------+--------+--------+--------+--------+-----+--------+

Top non-repeatable levels by time:
     D:1: 754 daAuts
     D:2: 166 daAuts
